 Dungeon Crawl Stone Soup version 0.26.1-11-gd32895ea62 (webtiles) character file.

Game seed: 10517506969074849916

301 Zeld the Skirmisher (level 6, -4/43 HPs)
             Began as an Octopode Fighter on May 10, 2021.
             Was an Initiate of Okawaru.
             Killed from afar by Natasha (7 damage)
             ... with a magic dart
             ... on level 4 of the Dungeon.
             The game lasted 00:05:14 (4977 turns).

Zeld the Skirmisher (Octopode Fighter)              Turns: 4977, Time: 00:05:15

Health: -4/43      AC:  1    Str: 17    XL:     6   Next: 37%
Magic:  11/11      EV: 11    Int: 11    God:    Okawaru [......]
Gold:   150        SH:  9    Dex: 11    Spells: 11/11 levels left

rFire    . . .     SeeInvis .   a - +0 war axe
rCold    . . .     Faith    .   b - +0 kite shield
rNeg     . . .     Spirit   .   (helmet restricted)
rPois    .         Reflect  .   (no amulet)
rElec    .         Harm     .   (no ring)
rCorr    .         Rampage  .   (no ring)
Will     .....                  (no ring)
Stlth    ++........             (no ring)
HPRegen  0.14/turn              (no ring)
MPRegen  0.12/turn              (no ring)
                                (no ring)
                                (no ring)

@: slowed, very slow
A: almost no armour, stealthy swim, amphibious, 8 rings, constrict 8, camouflage
1, gelatinous body 1
a: Renounce Religion


You were on level 4 of the Dungeon.
You worshipped Okawaru.
Okawaru was noncommittal.
You visited 1 branch of the dungeon, and saw 4 of its levels.

You collected 150 gold pieces.

Inventory:

Hand Weapons
 a - a +0 war axe (weapon)
Missiles
 l - 8 boomerangs
 q - 28 poisoned darts (quivered)
 r - 3 silver javelins
Armour
 b - a +0 kite shield (worn)
Jewellery
 t - an uncursed ring of fire {unknown}
 u - an uncursed ring of resist corrosion {unknown}
 v - an uncursed amulet of reflection {unknown}
Wands
 m - a wand of acid (4)
Scrolls
 f - a scroll of identify {unknown}
 g - 2 scrolls of remove curse {unknown}
 j - a scroll of magic mapping {unknown}
 n - a scroll of teleportation {unknown}
 p - a scroll of fog {unknown}
Potions
 d - 2 potions of heal wounds
 e - a potion of cancellation {unknown}
 h - 2 potions of brilliance {unknown}
 i - a potion of berserk rage {unknown}
 k - 2 potions of degeneration {unknown}
 o - a potion of curing {unknown}
 s - 2 potions of haste {unknown}


   Skills:
 - Level 3.7 Fighting
 - Level 2.9 Axes
 + Level 2.5 Throwing
 - Level 3.0 Dodging
 - Level 3.7 Shields
 * Level 3.3 Spellcasting


You had 11 spell levels left.
You didn't know any spells.
Your spell library contained the following spells:

 Spells                   Type           Power        Failure   Level
 Animate Skeleton         Necr           2%           71%         1
 Apportation              Tloc           2%           71%         1
 Corona                   Hex            1%           71%         1
 Summon Small Mammal      Summ           4%           71%         1


Dungeon Overview and Level Annotations

Branches:
Dungeon (4/15)
 Temple: D:4-7

Altars:
Okawaru

Annotations:
D:4 Natasha, Pikel


Innate Abilities, Weirdness & Mutations

You cannot wear most types of armour.
You are very stealthy in the water. (Stealth+)
You are amphibious.
You can wear up to eight rings at the same time.
You can use your tentacles to constrict eight enemies at once.
Your skin changes colour to match your surroundings (Stealth+).
Your rubbery body absorbs attacks. (AC +1, EV +1)


Message History

Natasha mumbles some strange words.
Natasha shimmers violently.
Natasha closely misses you.
Natasha stares at you and mumbles some strange words.
The magic dart hits you!
* * * LOW HITPOINT WARNING * * *
Natasha casts a spell at you. You resist with some effort.
Okay, then.
Natasha casts a spell.
Unknown command.
The shadow imp disappears for a moment.
Natasha casts a spell at you.
You feel yourself slow down.
Natasha stares at you and mumbles some strange words.
The magic dart hits you!
* * * LOW HITPOINT WARNING * * *
Natasha casts a spell at you. The magic dart hits you!
You die...

........
.>..####
#.###
############
#.#
#5..O5.h...#
#5#
#.########.#
#K# #.#
####5# #5#
#.# #....#
#5# ###.#
#h#### #
#..O###
#..@# #
#.#...#
#####
#.#.#.# # ##
#[#O# # ..#
#.#.#
####.#.#.#O#
+..#.#.#.#.#
#.....#.#5#
#...###.#.#


You could see Natasha.

Vanquished Creatures
  Edmund (D:3)
  A lemure (D:3)
  Terence (D:3)
  A worker ant (D:3)
  5 adders
  An ooze (D:1)
  3 worms (D:3)
  2 dart slugs (D:1)
  A leopard gecko (D:3)
  An orc (D:4)
  3 ball pythons (D:3)
  5 bats
  3 giant cockroaches
  5 goblins
  10 hobgoblins
  4 jackals (D:2)
  3 quokkas
  5 frilled lizards
  7 kobolds
  6 rats
68 creatures vanquished.

Notes
Turn   | Place    | Note
-------+----------+-------------------------------------------
     0 | D:1      | Zeld the Octopode Fighter began the quest for the Orb.
     0 | D:1      | Reached XP level 1. HP: 16/16 MP: 1/1
    34 | D:1      | Reached XP level 2. HP: 19/21 MP: 2/2
   363 | D:1      | Reached XP level 3. HP: 26/26 MP: 3/3
  1037 | D:2      | Reached XP level 4. HP: 26/33 MP: 4/4
  1784 | D:3      | Found an iron altar of Okawaru.
  1813 | D:3      | Became a worshipper of Warmaster Okawaru
  1872 | D:3      | Reached skill level 1 in Spellcasting
  2242 | D:3      | Reached skill level 1 in Throwing
  2604 | D:3      | Noticed Terence
  2957 | D:3      | Killed Terence
  2958 | D:3      | Reached XP level 5. HP: 32/37 MP: 7/7
  3490 | D:4      | Noticed a lemure
  3493 | D:4      | Noticed Pikel
  3493 | D:4      | Noticed a lemure
  3493 | D:4      | Noticed a lemure
  3493 | D:4      | Noticed a lemure
  3579 | D:3      | Killed a lemure
  3905 | D:4      | Noticed an ogre
  3957 | D:4      | Noticed Natasha
  3971 | D:4      | Noticed Edmund
  4469 | D:3      | Killed Edmund
  4470 | D:3      | Reached XP level 6. HP: 40/43 MP: 8/11
  4558 | D:3      | Found an iron altar of Okawaru.
  4977 | D:4      | Killed from afar by Natasha

Illustrated notes

Levels and vault maps discovered:
D:1:      doesnt_arrival_eight_statues, layout_basic
D:2:      kennysheep_big_flooded_room, layout_basic, minmay_misc_feat_chi
D:3:      layout_basic, okawaru_metal_pillars_1_2, uniq_terence
D:4:      layout_basic, gup_sewer_entry_glass, wad_floor_pattern_2, uniq_pikel,
          uniq_edmund, uniq_natasha

Skill      XL: |  1  2  3  4  5 |
---------------+----------------+-----
Spellcasting   | 1 3 |  3.3
Throwing       | 1 2 |  2.5
Fighting       | |  3.7
Axes           | |  2.9
Dodging        | |  3.0
Shields        | |  3.7

Action                   |  1- 3 |  4- 6 || total
-------------------------+-------+-------++-------
Melee: War axe           |    47 |    68 ||   115
       Constrict         |    12 |    17 ||    29
       Tentacles         |     8 |    10 ||    18
       Unarmed           |       |    10 ||    10
Throw: Dart              |       |    14 ||    14
  Use: Potion            |       |     1 ||     1
 Stab: Sleeping          |     2 |     8 ||    10
       Confused          |       |     1 ||     1
Armor: Skin              |     1 |    11 ||    12
Dodge: Dodged            |    24 |    47 ||    71
Block: Kite shield       |    20 |    35 ||    55
